 Dungeon Crawl Stone Soup version 0.25-a0-734-g73332aeda9 (webtiles) character file.

Game seed: 3721402316423740884, levelgen mode: deterministic

9980 Maedhros the Insei (level 11, -5/73 HPs)
             Began as an Octopode Artificer on Apr 9, 2020.
             Was a High Priest of Cheibriados.
             Slain by a vampire (9 damage)
             ... on level 12 of the Dungeon on Apr 10, 2020.
             The game lasted 00:44:35 (8289 turns).

Maedhros the Insei (Octopode Artificer)             Turns: 8289, Time: 00:44:36

Health: -5/73      AC:  1    Str: 24    XL:     11   Next: 55%
Magic:  13/13      EV: 21    Int: 28    God:    Cheibriados [*****.]
Gold:   740        SH:  0    Dex: 31    Spells: 6/10 levels left

rFire    . . .     SeeInvis .     - Unarmed
rCold    + . .     Gourm    .   E - +0 buckler
rNeg     . . .     Faith    .   (helmet restricted)
rPois    .         Spirit   .   u - amulet of regeneration
rElec    .         Reflect  .   o - ring of wizardry
rCorr    .         Harm     .   n - +6 ring of dexterity
MR       .....                  (no ring)
Stlth    +++.......             (no ring)
HPRegen  0.62/turn              (no ring)
MPRegen  0.13/turn              (no ring)
                                (no ring)
                                (no ring)

@: confused, invisible, very slow
A: almost no armour, stealthy swim, amphibious, 8 rings, constrict 8, camouflage
1, clever 1, clumsy 1, cold resistance 1, low mp 1, gelatinous body 1
a: Bend Time, Temporal Distortion, Slouch, Step From Time, Renounce Religion


You were on level 12 of the Dungeon.
You worshipped Cheibriados.
Cheibriados was extremely pleased with you.
You were not hungry.

You visited 2 branches of the dungeon, and saw 13 of its levels.
You also visited: Sewer.

You collected 740 gold pieces.

Inventory:

Hand Weapons
 j - a +0 hunting sling
 q - a +1 antimagic spear
 w - a +1 rapier
 z - a +2 dagger of electrocution
 H - a +0 vorpal glaive
Missiles
 e - 2 throwing nets
 k - 365 stones (quivered)
 B - 7 sling bullets
 D - 135 arrows
 F - 10 javelins
Armour
 i - a +0 tower shield
 E - a +0 buckler (worn)
Jewellery
 b - a +5 amulet of reflection
 n - a +6 ring of dexterity (right tentacle)
 o - a ring of wizardry (left tentacle)
 u - an amulet of regeneration (around mantle)
Wands
 d - a wand of random effects (15)
 r - a wand of digging (10)
 v - a wand of paralysis (9)
 x - a wand of flame (15)
Scrolls
 a - a scroll of identify
 c - a scroll of vulnerability {unknown}
 h - 2 scrolls of blinking
 l - 6 scrolls of amnesia
 m - a scroll of enchant armour
 p - 4 scrolls of remove curse
 y - 2 scrolls of fear {unknown}
Potions
 g - a potion of invisibility
 s - 3 potions of cancellation
 t - a potion of brilliance {unknown}
 A - a potion of ambrosia {unknown}
 C - a potion of flight
 G - a potion of mutation
Miscellaneous
 I - a lightning rod (3/4)
Comestibles
 f - 16 rations


   Skills:
 + Level 6.3 Fighting
 - Level 5.7 Short Blades
 + Level 6.8 Dodging
 - Level 7.0 Stealth
 + Level 6.3 Shields
 * Level 7.3 Unarmed Combat
 + Level 4.4 Translocations
 * Level 5.2 Transmutations
 * Level 3.5 Invocations
 - Level 6.0 Evocations


You had 6 spell levels left.
You knew the following spells:

 Your Spells              Type           Power        Failure   Level  Hunger
a - Animate Skeleton      Necr           N/A          4%          1    ##.....
b - Apportation           Tloc           ###...       1%          1    ##.....
c - Sticks to Snakes      Tmut           ####....     1%          2    ###....

Your spell library contained the following spells:

 Spells                   Type           Power        Failure   Level  Hunger
 Beastly Appendage        Tmut           ####..       1%          1    ##.....
 Corona                   Hex            #......      4%          1    ##.....
 Summon Small Mammal      Summ           #...         4%          1    ##.....
 Spider Form              Tmut/Pois      ##........   4%          3    ####...
 Ice Form                 Ice/Tmut       ##......     16%         4    #####..
 Blade Hands              Tmut           ####......   16%         5    ######.
 Irradiate                Conj/Tmut      ##........   38%         5    ######.
 Hydra Form               Tmut           ####......   58%         6    #######
 Statue Form              Tmut/Erth      ##.......    90%         6    #######
 Dragon Form              Tmut           ####......   98%         7    #######


Dungeon Overview and Level Annotations

Branches:
Dungeon (12/15)            Temple (1/1) D:7            Lair (0/6) D:11
  Sewer (visited)
    Orc: D:9-12

Altars:
Cheibriados
Hepliaklqana
Qazlal
Trog
Yredelemnul
Zin
The Shining One

Annotations:
D:7 Pikel
D:10 3 runed translucent doors, 1 exclusion, Psyche; Zaizat's ghost, journeyman HOFi; rubinsalamander's ghost, journeyman FoFi
D:11 exclusion: fire bat
D:12 Nessos


Innate Abilities, Weirdness & Mutations

You cannot wear most types of armour.
You are very stealthy in the water. (Stealth+)
You are amphibious.
You can wear up to eight rings at the same time.
You can use your tentacles to constrict eight enemies at once.
Your skin changes colour to match your surroundings (Stealth+).
Your rubbery body absorbs attacks. (AC +1, EV +1)
Your mind is acute. (Int +2)
You are clumsy. (Dex -2)
Your flesh is cold resistant. (rC+)
Your magical capacity is low. (-10% MP)


Message History

You barely miss something. Something hits you. Something barely misses you.
You tentacle-slap something but do no damage.
You squeeze something. Something completely misses you. Something bites you.
Something draws strength from your injuries!
You tentacle-slap something.
Your tentacle-slap misses something.
Your squeeze misses something. Something closely misses you.
Something barely misses you. Something barely misses you.
Something closely misses you.
You miss something. Something hits you!
* * * LOW HITPOINT WARNING * * *
Something barely misses you.
You tentacle-slap something.
Your tentacle-slap misses something.
You squeeze something.
You hear some strange, mumbled words.
You are more confused.
You fade into invisibility!
Something hits you!
* * * LOW HITPOINT WARNING * * *
Something bites you!
You die...

.....###'######'####.........#
'##..#....)........#....(....#
..#..#.########....#.........#
..+..#. #....#.........#
..#..# #....#.........# .##..#
#..###.........# .# ..# #..#
......c.### .# ##.#### .#
#@...# .# #.{..# .# #....###
.# #......# #......# .......#
........# .........#
..........#


There were no monsters in sight!

Vanquished Creatures
  Harold (D:7)
  A two-headed ogre (D:9)
  2 trolls
  Grinder (D:3)
  A polar bear (D:10)
  2 hippogriffs
  A meliai zombie (D:10)
  A wyvern (D:8)
  5 yaks (D:10)
  2 fire bats (D:11)
  Eustachio (D:6)
  3 hungry ghosts
  Menkaure (D:6)
  A soldier ant (D:11)
  2 orc warriors (D:7)
  3 ice beasts (D:7)
  2 ogres (D:11)
  A sky beast (D:11)
  2 black bears
  3 phantoms
  8 centaurs
  3 big kobolds
  8 bullfrogs
  A gnoll sergeant (D:9)
  2 scorpions
  7 wights (D:10)
  12 killer bees
  3 crimson imps
  2 jellies
  A lava snake (D:8)
  A centaur zombie (D:10)
  2 centaur skeletons
  6 hounds
  An orc priest (D:6)
  2 bullfrog skeletons
  Jessica (D:3)
  An iguana (D:11)
  4 orc wizards
  3 worker ants
  A hound skeleton (D:5)
  Robin (D:3)
  6 gnolls
  A howler monkey skeleton (D:11)
  10 adders
  5 shadow imps
  11 oozes
  5 worms
  4 dart slugs
  14 leopard geckos
  18 orcs
  3 bats
  13 giant cockroaches
  15 goblins
  7 hobgoblins
  7 jackals
  2 quokkas
  13 ball pythons (Sewer)
  10 frilled lizards
  9 kobolds
  A leopard gecko skeleton (D:7)
  A quokka skeleton (D:5)
  4 rats
265 creatures vanquished.

Vanquished Creatures (collateral kills)
  A polar bear (D:10)
  A wraith (D:11)
  A soldier ant (D:11)
  An acid dragon (D:11)
  An orc warrior (D:9)
  An ogre (D:9)
  An ice beast (D:7)
  2 centaurs (D:9)
  A bullfrog (D:8)
  A centaur skeleton (D:11)
  A gnoll shaman (D:9)
  A hound (D:6)
  An orc wizard (D:7)
  3 gnolls (D:9)
  A leopard gecko (D:11)
  2 orcs
  A giant cockroach (D:6)
  5 hobgoblins (D:9)
  7 kobolds (D:9)
  A frilled lizard (D:3)
34 creatures vanquished.

Vanquished Creatures (others)
  A sky beast (D:10)
  An orc priest (D:9)
  An orc wizard (D:7)
  A leopard gecko (D:1)
  A bat (D:1)
  A giant cockroach (D:1)
  2 hobgoblins (D:1)
  2 kobolds (D:1)
  2 rats (D:1)
12 creatures vanquished.

Grand Total: 311 creatures vanquished

Notes
Turn   | Place    | Note
-------+----------+-------------------------------------------
     0 | D:1      | Maedhros the Octopode Artificer began the quest for the
                  | Orb.
     0 | D:1      | Reached XP level 1. HP: 13/13 MP: 3/3
   440 | D:1      | Reached XP level 2. HP: 14/18 MP: 4/4
   757 | D:1      | Reached XP level 3. HP: 23/23 MP: 4/6
  1548 | D:3      | Noticed Grinder
  1721 | D:5      | Entered Level 5 of the Dungeon
  1737 | D:5      | Found a glowing drain.
  1747 | Sewer    | Entered a sewer
  1889 | Sewer    | Reached XP level 4. HP: 25/28 MP: 7/7
  2355 | Sewer    | Reached XP level 5. HP: 24/33 MP: 8/8
  2364 | Sewer    | Reached skill level 5 in Evocations
  2558 | Sewer    | Reached skill level 5 in Stealth
  2964 | Sewer    | Reached XP level 6. HP: 22/38 MP: 8/10
  3970 | D:5      | Found a hazy altar of Hepliaklqana.
  4162 | D:6      | Noticed a phantom
  4206 | D:6      | Reached skill level 1 in Shields
  4206 | D:6      | Reached XP level 7. HP: 38/44 MP: 11/11
  4292 | D:6      | Noticed Eustachio
  4302 | D:6      | Killed Eustachio
  4302 | D:6      | Reached skill level 1 in Unarmed Combat
  4403 | D:7      | Reached XP level 8. HP: 40/51 MP: 12/12
  4553 | D:6      | Learned a level 1 spell: Animate Skeleton
  4555 | D:6      | Learned a level 1 spell: Apportation
  4602 | D:7      | Noticed Harold
  4766 | D:6      | Noticed Menkaure
  4772 | D:6      | Killed Menkaure
  5147 | D:7      | Found a staircase to the Ecumenical Temple.
  5156 | Temple   | Entered the Ecumenical Temple
  5164 | Temple   | Became a worshipper of Cheibriados the Contemplative
  5171 | Temple   | Gained mutation: Your flesh is cold resistant. (rC+)
                  | [potion of mutation]
  5171 | Temple   | Gained mutation: You are clumsy. (Dex -2) [potion of
                  | mutation]
  5171 | Temple   | Gained mutation: Your magical capacity is low. (-10% MP)
                  | [potion of mutation]
  5171 | Temple   | Gained mutation: Your mind is acute. (Int +2) [potion of
                  | mutation]
  5181 | D:7      | Reached skill level 5 in Unarmed Combat
  5202 | D:7      | Reached XP level 9. HP: 51/58 MP: 12/12
  5292 | D:3      | Noticed Robin
  5309 | D:3      | Killed Robin
  5310 | D:3      | Reached * piety under Cheibriados
  5424 | D:3      | Killed Grinder
  5554 | D:3      | Noticed Jessica
  5561 | D:3      | Killed Jessica
  5711 | D:7      | Killed Harold
  5711 | D:7      | Reached skill level 5 in Dodging
  5711 | D:7      | Reached skill level 1 in Translocations
  5721 | D:7      | Noticed Pikel
  5817 | D:7      | Reached skill level 5 in Fighting
  5835 | D:7      | Reached ** piety under Cheibriados
  5857 | D:7      | Reached skill level 5 in Shields
  6230 | D:8      | Learned a level 2 spell: Sticks to Snakes
  6286 | D:8      | Reached XP level 10. HP: 17/66 MP: 13/13
  6326 | D:8      | Reached skill level 1 in Transmutations
  6437 | D:9      | Noticed a two-headed ogre
  6438 | D:9      | Killed a two-headed ogre
  6602 | D:9      | Reached skill level 5 in Short Blades
  6665 | D:9      | Reached *** piety under Cheibriados
  6771 | D:9      | Reached **** piety under Cheibriados
  6941 | D:10     | Entered Level 10 of the Dungeon
  7093 | D:10     | Noticed Psyche
  7232 | D:10     | Reached skill level 1 in Invocations
  7236 | D:10     | Reached XP level 11. HP: 41/72 MP: 13/13
  7370 | D:10     | Found a bloodstained altar of Trog.
  7377 | D:10     | Reached ***** piety under Cheibriados
  7447 | D:10     | Found a runed translucent gate.
  7447 | D:10     | Found a runed translucent gate.
  7451 | D:10     | Noticed rubinsalamander's ghost (journeyman FoFi)
  7452 | D:10     | Found a runed translucent gate.
  7452 | D:10     | Noticed Zaizat's ghost (journeyman HOFi)
  7479 | D:10     | Noticed a death knight
  7751 | D:11     | Found a staircase to the Lair.
  7919 | D:11     | Noticed a fire giant
  8077 | D:12     | Reached skill level 5 in Transmutations
  8180 | D:12     | Noticed Nessos
  8289 | D:12     | Slain by a vampire

Levels and vault maps discovered:
D:1:      matt_arrival_los_fun, layout_loops_ring, lemuel_old_faithful
D:2:      layout_basic, first_ration
D:3:      layout_loops_ring, minmay_misc_feat_secret_circle,
          uniq_crazy_yiuf_cottage, uniq_grinder, uniq_jessica, uniq_robin
D:4:      layout_rooms
D:5:      layout_cave_pools, lemuel_coloured_pillars_altar,
          cheibrodos_sewer_entry_sluice
D:6:      layout_basic, uniq_eustachio, uniq_menkaure
D:7:      layout_basic, minmay_temple_entry_statues, sigmund_army, uniq_pikel,
          uniq_harold
D:8:      layout_loops_ring, kennysheep_boxes
D:9:      kennysheep_housing_project, layout_basic, david_orc_4
D:10:     layout_roguey, gammafunk_ghost_cemetery, grunt_pizzeria,
          grunt_ministairs_4, minivault_23, trog_ov_bears_minmay, uniq_psyche,
          uniq_josephine
D:11:     minmay_firetagon, layout_rooms, lair_entry_dummy,
          minmay_variable_closet, st_stairs_5
D:12:     layout_irregular_city, nicolae_trove_entry_free_sample, uniq_urug,
          uniq_frances, uniq_nessos
Temple:   compressed_dpeg_circular_temple

Skill      XL: |  1  2  3  4  5  6  7  8  9 10 11 |
---------------+----------------------------------+-----
Stealth        | 2 3 4 6 7 |  7.0
Evocations     | 4 5 6 |  6.0
Shields        | 1 2 3 5 6 |  6.3
Fighting       | 2 4 5 6 |  6.3
Unarmed Combat | 2 5 6 7 |  7.3
Dodging        | 3 4 5 6 |  6.8
Short Blades   | 4 5 |  5.7
Translocations | 2 3 4 |  4.4
Transmutations | 4 5 |  5.2
Invocations    | 1 3 |  3.5

Action                   |  1- 3 |  4- 6 |  7- 9 | 10-12 || total
-------------------------+-------+-------+-------+-------++-------
Melee: Short sword       |    56 |   139 |    10 |       ||   205
       Constrict         |    20 |    28 |    41 |    38 ||   127
       Tentacles         |    10 |    28 |    33 |   101 ||   172
       Rapier            |       |       |   117 |       ||   117
       Punch             |       |       |     7 |    23 ||    30
       Dagger            |       |       |    50 |   129 ||   179
       Unarmed           |       |       |       |   155 ||   155
Throw: Stone             |       |       |       |     2 ||     2
 Cast: Apportation       |       |       |     2 |       ||     2
       Animate Skeleton  |       |       |       |    17 ||    17
       Sticks to Snakes  |       |       |       |     7 ||     7
Invok: Slouch            |       |       |       |     1 ||     1
Evoke: Wand              |     2 |     7 |    22 |    13 ||    44
       Lightning rod     |       |       |       |     1 ||     1
       Phantom mirror    |       |       |       |     1 ||     1
  Use: Scroll            |     3 |     1 |     4 |     8 ||    16
       Potion            |       |     1 |     9 |     3 ||    13
 Stab: Distracted        |     3 |       |       |     4 ||     7
       Sleeping          |     3 |    22 |    16 |    14 ||    55
       Paralysed         |       |       |     7 |       ||     7
  Eat: Chunk             |     2 |     6 |     4 |     5 ||    17
       Ration            |       |     1 |       |     1 ||     2
Armor: Skin              |     3 |    15 |     9 |    12 ||    39
Dodge: Dodged            |    43 |    90 |   159 |   246 ||   538
Block: Buckler           |       |       |     8 |    74 ||    82
       Tower shield      |       |       |     5 |       ||     5

Table legend:
 A = Non-vault XP
 B = Vault XP
 C = Vault XP percentage of total XP
 D = Non-vault monster count
 E = Vault monster count
 F = Vault count percentage of total count
                 A         B        C        D         E       F
            +---------+---------+-------+---------+---------+-------
      Total |   10526 |    3732 |  26.2 |     186 |     114 |  38.0
            +---------+---------+-------+---------+---------+-------
        D:1 |      36 |       0 |   0.0 |      14 |       0 |   0.0
        D:2 |      14 |       0 |   0.0 |       5 |       0 |   0.0
        D:3 |      43 |     369 |  89.6 |      17 |      15 |  46.9
        D:4 |      46 |       0 |   0.0 |       6 |       0 |   0.0
        D:5 |     216 |      17 |   7.3 |      16 |       4 |  20.0
        D:6 |     480 |     345 |  41.8 |      18 |       2 |  10.0
        D:7 |    1625 |    1008 |  38.3 |      28 |       4 |  12.5
        D:8 |     422 |       0 |   0.0 |       4 |       0 |   0.0
        D:9 |    1856 |     648 |  25.9 |      18 |      29 |  61.7
       D:10 |    3113 |     529 |  14.5 |      29 |       2 |   6.5
       D:11 |    1905 |     524 |  21.6 |      25 |       4 |  13.8
       D:12 |     770 |       0 |   0.0 |       6 |       0 |   0.0
      Sewer |       0 |     292 | 100.0 |       0 |      54 | 100.0
            +---------+---------+-------+---------+---------+-------
